 Seeded DCSS version 0.29.1-15-g9cfb28693d (webtiles) character file.

Game seed: 1 (custom seed)

77 Kazon the Slasher (level 4, -4/45 HPs)
             Began as an Ogre Gladiator on Mar 21, 2023.
             Slain by a gnoll
             ... wielding a +0 halberd
              (8 damage)
             ... on level 2 of the Dungeon.
             The game lasted 00:06:02 (1305 turns).

Kazon the Slasher (Ogre Gladiator)                  Turns: 1305, Time: 00:06:02

Health: -4/45      AC: 13    Str: 18    XL:     4   Next: 33%
Magic:  4/4        EV:  0    Int: 11    God:
Gold:   167        SH:  0    Dex: 15    Spells: 3/3 levels left

rFire   + . .      SeeInvis .   e - +2 dagger (venom)
rCold   + . .      Faith    .   (no shield)
rNeg    . . .      Spirit   .   g - +0 gold dragon scales "Ipsewk" {rPois rF+ rC+ Dex+5}
rPois   +          Reflect  .   c - +0 hat
rElec   .          Harm     .   (no cloak)
rCorr   .          Rampage  .   (gloves unavailable)
Will    .....                   (boots unavailable)
Stlth   ..........              l - amulet of the acrobat
HPRegen 0.15/turn               (no ring)
MPRegen 0.09/turn               (no ring)

@: no status effects
A: large, unfitting armour, tough skin 1
a: no special abilities


You were on level 2 of the Dungeon.
You visited 1 branch of the dungeon, and saw 2 of its levels.

You collected 167 gold pieces.

Inventory:

Hand Weapons
 a - a +0 long sword
 e - a +2 dagger of venom (weapon)
Missiles
 d - 3 throwing nets
 k - 11 stones (quivered)
 n - 3 boomerangs
 p - a large rock
Armour
 c - a +0 hat (worn)
 g - the +0 gold dragon scales "Ipsewk" (worn) {rPois rF+ rC+ Dex+5}
   (You acquired it on level 1 of the Dungeon)

   Dex:       It affects your dexterity (+5).
   rF:        It protects you from fire.
   rC:        It protects you from cold.
   rPois:     It protects you from poison.
Jewellery
 l - an amulet of the acrobat (around neck)
Scrolls
 j - 2 scrolls of identify {unknown}
 m - a scroll of immolation {unknown}
Potions
 b - a potion of berserk rage {unknown}
 f - a potion of haste {unknown}
 h - a potion of flight {unknown}
 i - a potion of attraction {unknown}


   Skills:
 + Level 3.2 Fighting
 + Level 3.6 Long Blades
 + Level 2.2 Throwing
 + Level 0.7 Armour
 + Level 3.2 Dodging


You had 3 spell levels left.
You didn't know any spells.
Your spell library contained the following spells:

 Spells                   Type           Power      Damage    Failure   Level
 Apportation              Tloc           0%         N/A       100%        1
 Necrotise                Necr           0%         1d4       100%        1
 Sting                    Tmut/Pois      0%         1d3       100%        1
 Summon Small Mammal      Summ           0%         N/A       100%        1
 Poisonous Vapours        Pois/Air       0%         N/A       100%        2
 Olgreb's Toxic Radiance  Pois           0%         N/A       100%        4


Dungeon Overview and Level Annotations

Branches:
Dungeon (2/15)

Altars:


Innate Abilities, Weirdness & Mutations

You are too large for most types of armour.
You have tough skin. (AC +1)


Message History

You hit the gnoll.
You kill the gnoll!
You have reached level 4!
The gnoll hits you but does no damage. The gnoll closely misses you.
Things that are here:
a +0 spear; a gnoll corpse You hit the gnoll.
The gnoll is poisoned.
The gnoll is moderately wounded.
The gnoll hits you but does no damage.
The gnoll hits you from afar with a +0 halberd!
You hit the gnoll.
The gnoll is severely wounded.
The gnoll hits you with a +0 whip. The gnoll hits you but does no damage.
You hit the gnoll.
You kill the gnoll!
The gnoll hits you but does no damage. The gnoll closely misses you.
Things that are here:
a +0 whip; a gnoll corpse You hit the gnoll.
The gnoll is poisoned.
Your punch misses the gnoll.
The gnoll is moderately wounded.
The gnoll hits you but does no damage.
You barely miss the gnoll.
The gnoll is moderately wounded.
The gnoll hits you with a +0 halberd.
* * * LOW HITPOINT WARNING * * *
You closely miss the gnoll.
The gnoll is moderately wounded.
The gnoll hits you with a +0 halberd.
* * * LOW HITPOINT WARNING * * *
You hit the gnoll but do no damage.
The gnoll is moderately wounded.
The gnoll hits you with a +0 halberd.
* * * LOW HITPOINT WARNING * * *
You hit the gnoll.
The gnoll looks even sicker.
The gnoll is heavily wounded.
You hit the gnoll.
The gnoll is severely wounded.
The gnoll hits you with a +0 halberd!
You die...

#.# #.##### #.# #.# #.#
#.# #.# #.# #.# #.# #.#
#.# #### #.#
#.########.# ...####.#
#..........# ..).....#
#...########
##.###################.#
##.............)@g.# #.#
............######.# #.#
###########.######.###.#
.........#.g.....#>#
#######..#.###.#.#.#
#..#. #.#.# #..#g #.. #
#.... ##.. #.... ..#


You could see a gnoll (very poisoned).

Vanquished Creatures
  2 gnolls (D:2)
  2 adders (D:2)
  A worm (D:2)
  6 endoplasms
  A giant cockroach (D:1)
  7 goblins
  4 hobgoblins
  3 kobolds
  A quokka (D:1)
  A ball python (D:2)
  2 bats
  2 frilled lizards (D:2)
  3 rats (D:1)
35 creatures vanquished.

Notes
Turn   | Place    | Note
-------+----------+-------------------------------------------
     0 | D:1      | Kazon the Ogre Gladiator began the quest for the Orb.
     0 | D:1      | Reached XP level 1. HP: 22/22 MP: 1/1
    38 | D:1      | Identified a scroll of acquirement
    38 | D:1      | Acquired the +0 gold dragon scales "Ipsewk" {rPois rF+ rC+
                  | Dex+5}
   135 | D:1      | Reached XP level 2. HP: 29/29 MP: 2/2
   715 | D:2      | Reached XP level 3. HP: 32/37 MP: 3/3
  1295 | D:2      | Reached XP level 4. HP: 28/45 MP: 4/4
  1305 | D:2      | Slain by a gnoll

Illustrated notes

Levels and vault maps discovered:
D:1:      dpeg_arrival_three_smaller_balls, layout_basic
D:2:      layout_loops_ring

Skill      XL: |  1  2 |
---------------+-------+-----
Dodging        | 3 |  3.2
Fighting       | 3 |  3.2
Long Blades    | 3 |  3.6
Throwing       | |  2.2
Armour         | |  0.7

Action                   |  1- 3 |  4- 6 || total
-------------------------+-------+-------++-------
Melee: Long sword        |    82 |       ||    82
       Dagger            |    20 |     9 ||    29
Throw: Stone             |    11 |       ||    11
  Use: Scroll            |     1 |       ||     1
Armor: Robe              |    13 |       ||    13
       Gold dragon scale |    62 |     5 ||    67
Dodge: Dodged            |    23 |     2 ||    25
